Map: Automaton LE

Players

Kelazhur

  • Race: Terran Terran
  • Spawn Location: 9:00

Elazer - Winner!

  • Race: Zerg Zerg
  • Spawn Location: 3:00

Event: 2019 WCS Spring

VOD

Have the link to the VOD?

Description

Time

  • Played on: May 18, 2019, 9:43 a.m.
  • Length: 6:13

All games in this series

Show
View Real Time Build Order
Export as new Build Order

Kelazhur Terran 

Build Orders: Reaper Expand, Hellion Banshee 

Get SALT Encoding   

  12  0:00  SCV  
  13  0:13  SCV  
  14  0:17  Supply Depot  
  14  0:25  SCV  
  15  0:39  SCV  
  15  0:41  Barracks  
  16  0:44  Refinery  
  16  0:51  SCV  
  17  1:03  SCV  
  18  1:15  SCV  
  19  1:28  Orbital Command, Reaper  
  20  1:40  Command Center  
  20  1:50  Supply Depot  
  20  1:53  SCV  
  21  2:00  Marine  
  22  2:06  SCV  
  23  2:08  Factory  
  23  2:13  Refinery  
  23  2:18  SCV  
  23  2:21  Barracks Reactor  
  24  2:30  SCV  
  25  2:42  SCV  
  26  2:55  Orbital Command, Starport  
  26  2:58  SCV  
  27  3:04  Hellion x2  
  31  3:10  Barracks Tech Lab, SCV  
  31  3:11  Supply Depot  
  32  3:21  SCV  
  32  3:22  SCV  
  32  3:26  Hellion x2  
  38  3:33  SCV  
  40  3:34  SCV  
  40  3:37  Banshee, Cloaking Field  
  43  3:43  Supply Depot  
  43  3:46  SCV x2  
  45  3:55  Hellion x2  
  49  3:58  SCV x2  
  51  4:06  Supply Depot  
  51  4:11  SCV x2  
  53  4:22  Banshee  
  53  4:23  Command Center  
  56  4:29  SCV x2  
  57  4:32  Hellion x2  
  59  4:41  SCV x2  
  61  4:50  Command Center  
  61  4:53  SCV, Supply Depot  
  61  4:54  SCV  
  63  5:05  Hellion x2, SCV  
  63  5:06  SCV  
  69  5:11  Supply Depot  
  69  5:15  Banshee  
  69  5:17  SCV  
  69  5:19  SCV  
  69  5:20  Armory  
  74  5:25  Supply Depot  
  74  5:29  SCV  
  74  5:31  SCV  
  74  5:32  Refinery x2  
  76  5:41  SCV  
  77  5:43  Hellion x2, SCV  
  73  5:53  SCV  
Show
View Real Time Build Order
Export as new Build Order

Elazer Zerg - Winner!

Build Orders: Hatch First 

Get SALT Encoding   

  12  0:00  Drone  
  13  0:12  Overlord  
  13  0:18  Drone  
  14  0:30  Drone x2  
  16  0:49  Hatchery  
  15  0:52  Drone  
  15  0:56  Drone  
  17  0:59  Drone  
  18  1:11  Extractor  
  17  1:15  Spawning Pool  
  16  1:18  Drone  
  16  1:21  Drone  
  18  1:29  Drone  
  19  1:39  Drone  
  20  1:49  Drone  
  21  2:01  Queen x2  
  21  2:02  Zergling x4  
  27  2:10  Overlord  
  27  2:22  Hatchery  
  26  2:25  Drone  
  26  2:28  Drone  
  28  2:34  Metabolic Boost  
  28  2:40  Drone  
  28  2:41  Drone  
  28  2:42  Drone  
  31  2:50  Queen  
  33  2:54  Overlord  
  33  2:58  Drone  
  34  2:59  Drone  
  34  3:02  Drone  
  36  3:13  Drone x2  
  36  3:15  Drone x3  
  36  3:17  Drone  
  42  3:23  Overlord  
  42  3:26  Queen  
  44  3:34  Queen  
  44  3:35  Drone x2  
  44  3:37  Drone  
  44  3:41  Zergling x4  
  51  3:42  Drone  
  51  3:48  Zergling x4  
  54  3:53  Overlord  
  54  3:55  Lair  
  54  3:58  Zergling x2  
  54  3:59  Zergling x2  
  54  4:02  Overlord  
  56  4:06  Queen  
  58  4:11  Overlord  
  58  4:17  Zergling x10  
  58  4:19  Overlord  
  63  4:26  Zergling x8  
  63  4:30  Overlord  
  66  4:32  Zergling x2  
  66  4:36  Overlord  
  65  4:40  Zergling x8  
  68  4:50  Queen  
  70  4:53  Nydus Network, Spore Crawler  
  70  4:55  Overlord  
  66  5:00  Overlord  
  66  5:03  Overlord  
  66  5:05  Overseer  
  63  5:09  Overlord  
  63  5:10  Zergling x4  
  61  5:17  Zergling x6  
  63  5:23  Zergling x2  
  63  5:24  Zergling x4  
  66  5:29  Nydus Canal  
  66  5:34  Zergling x4  
  66  5:35  Zergling x4  
  70  5:37  Zergling x2  
  70  5:40  Zergling x2  
  72  5:46  Nydus Canal  
  72  5:48  Zergling x8  
  70  5:50  Zergling x2  
  70  5:53  Zergling x2  
  67  6:01  Nydus Canal  
Tags
 
Add a new tag
Caveats
  • Supply blocks, unpowered buildings, or Contaminate may cause inaccurate times.
  • Supply counts are checked every 10 seconds.